 Dungeon Crawl Stone Soup version 0.28-a0-1130-gc51a68064b (webtiles) character file.

Game seed: 15357510342192424707

375 ducksouse the Covered (level 6, 0/56 HPs)
             Began as a Minotaur Fighter on Dec 13, 2021.
             Succumbed to an adder's poison
             ... in a sewer.
             The game lasted 00:06:33 (3446 turns).

ducksouse the Covered (Minotaur Fighter)            Turns: 3446, Time: 00:06:33

Health: 0/56       AC:  7    Str: 23    XL:     6   Next: 44%
Magic:  5/5        EV:  6    Int: 11    God:
Gold:   108        SH:  4    Dex:  9    Spells: 5/5 levels left

rFire   . . .      SeeInvis .   a - +0 long sword
rCold   . . .      Faith    .   c - +0 buckler
rNeg    . . .      Spirit   .   b - +0 scale mail
rPois   .          Reflect  .   (helmet restricted)
rElec   .          Harm     .   (no cloak)
rCorr   .          Rampage  .   (no gloves)
Will    .....                   (no boots)
Stlth   ..........              (no amulet)
HPRegen 0.18/turn               o - +6 ring of intelligence
MPRegen 0.09/turn               (no ring)

@: mighty, brilliant, lethally poisoned (0 -> -1), constricted, very slow
A: horns 2, retaliatory headbutt
a: no special abilities


You were in a sewer.
You visited 1 branch of the dungeon, and saw 3 of its levels.
You also visited: Sewer.

You collected 108 gold pieces.

Inventory:

Hand Weapons
 a - a +0 long sword (weapon)
Armour
 b - a +0 scale mail (worn)
 c - a +0 buckler (worn)
Jewellery
 o - a +6 ring of intelligence (left hand)
Scrolls
 e - 3 scrolls of teleportation {unknown}
 h - a scroll of fear {unknown}
 i - 2 scrolls of identify {unknown}
 n - 2 scrolls of enchant weapon {unknown}
 p - a scroll of summoning {unknown}
 q - 2 scrolls of enchant armour {unknown}
Potions
 d - a potion of might
 f - 2 potions of brilliance
 g - a potion of curing {unknown}
 j - 2 potions of haste {unknown}
 k - a potion of lignification {unknown}
 l - 3 potions of resistance {unknown}
 m - a potion of magic {unknown}
 r - a potion of invisibility {unknown}


   Skills:
 + Level 5.3 Fighting
 + Level 4.6 Long Blades
 + Level 5.4 Armour
 + Level 5.3 Shields


You had 5 spell levels left.
You didn't know any spells.
Your spell library contained the following spells:

 Spells                   Type           Power      Damage    Failure   Level
 Sublimation of Blood     Necr           0%         N/A       77%         2
 Wereblood                Tmut           0%         N/A       77%         2
 Summon Hydra             Summ           0%         N/A       100%        7


Dungeon Overview and Level Annotations

Branches:
Dungeon (3/15)              Sewer (1/1)

Altars:

Shops:
D:1 (


Innate Abilities, Weirdness & Mutations

You have a pair of horns on your head.
You reflexively headbutt those who attack you in melee.


Message History

You kill the adder!
You feel sick. You block the ball python's attack.
The ball python constricts you. The bullfrog hits you.
* * * LOW HITPOINT WARNING * * *
The adder completely misses you.
The ball python bites you but does no damage.
The ball python constricts you.
Your unstable footing causes you to fumble your attack.
You feel sick.
The bullfrog hits you but does no damage.
The adder barely misses you. You furiously retaliate!
You headbutt the adder!
The ball python bites you but does no damage.
The ball python constricts you. The bullfrog closely misses you.
Your unstable footing causes you to fumble your attack.
You feel sick. The adder barely misses you.
The bullfrog hits you but does no damage.
The ball python barely misses you. The ball python constricts you.
* * * LOW HITPOINT WARNING * * *
The adder bites you but does no damage. You block the bullfrog's attack.
The ball python bites you but does no damage.
The ball python constricts you.
You miss the adder. You headbutt the adder.
You kill the adder!
You feel sick. The bullfrog closely misses you. The ball python bites you.
* * * LOW HITPOINT WARNING * * *
The ball python loses its grip on you.
Your unstable footing causes you to fumble your attack.
You feel sick. The bullfrog completely misses you. The ball python bites you.
* * * LOW HITPOINT WARNING * * *
The ball python grabs you. The ball python constricts you.
The ball python bites you but does no damage.
The ball python barely misses you. You block the bullfrog's attack.
The ball python bites you.
* * * LOW HITPOINT WARNING * * *
The ball python bites you but does no damage.
The ball python constricts you.
* * * LOW HITPOINT WARNING * * *
It was a potion of brilliance.
You feel clever all of a sudden.
You die...

....'..# ....#..#
#...####
#....##################
#......≈≈≈≈≈≈≈≈≈≈≈≈≈≈≈#.
##....≈≈≈≈≈≈≈≈≈≈≈≈≈≈≈≈..
#.....≈≈≈≈≈≈≈≈≈≈≈≈≈≈≈..
#.....≈≈≈≈≈≈≈≈S#F≈≈≈≈≈.
##....≈≈≈≈≈≈≈..@#
###.#≈≈≈≈≈≈≈≈≈SS≈≈≈≈#
###################


You could see a bullfrog and 3 ball pythons.

Vanquished Creatures
  A bullfrog (Sewer)
  An iguana (D:3)
  Ijyb (D:3)
  A scorpion zombie (D:3)
  A gnoll (D:1)
  12 adders
  2 river rats (Sewer)
  2 worms (D:2)
  2 dart slugs (D:1)
  4 endoplasms (D:1)
  6 giant cockroaches
  6 goblins
  3 hobgoblins (D:1)
  13 ball pythons
  4 bats
  5 frilled lizards
  3 kobolds (D:1)
  32 rats
99 creatures vanquished.

Notes
Turn   | Place    | Note
-------+----------+-------------------------------------------
     0 | D:1      | ducksouse the Minotaur Fighter began the quest for the Orb.
     0 | D:1      | Reached XP level 1. HP: 19/19 MP: 0/0
   186 | D:1      | Reached XP level 2. HP: 23/27 MP: 1/1
   292 | D:1      | Found Ninkutz's Weapon Boutique.
   784 | D:1      | Reached XP level 3. HP: 32/33 MP: 2/2
  1703 | D:2      | Reached XP level 4. HP: 34/40 MP: 3/3
  2084 | D:2      | Found a faded altar of an unknown god.
  2268 | D:3      | Reached XP level 5. HP: 44/47 MP: 4/4
  2309 | D:3      | Found a glowing drain.
  2331 | D:3      | Noticed Ijyb
  2375 | D:3      | Killed Ijyb
  2376 | D:3      | Reached skill level 5 in Armour
  2488 | Sewer    | Entered a sewer
  2719 | Sewer    | Reached skill level 5 in Shields
  2723 | Sewer    | Reached skill level 5 in Fighting
  3186 | Sewer    | Reached XP level 6. HP: 27/56 MP: 5/5
  3445 | Sewer    | HP: 2/56 [ball python (3)]
  3446 | Sewer    | Succumbed to an adder's poison

Illustrated notes

Levels and vault maps discovered:
D:1:      beargit_arrival_greenhouse, layout_basic, serial_shops,
          nicolae_shop_competitors_out_of_business, minmay_distorted
D:2:      layout_basic, chequers_ecumenical_altar_simple, minmay_ruptured
D:3:      layout_basic, mainiacjoe_overflow_concentric_impassable,
          gup_sewer_entry_glass, uniq_ijyb
Sewer:    sewer_minmay_w

Skill      XL: |  1  2  3  4  5 |
---------------+----------------+-----
Armour         | 4 5 |  5.4
Shields        | 4 5 |  5.3
Fighting       | 4 5 |  5.3
Long Blades    | 3 4 |  4.6

Action                   |  1- 3 |  4- 6 || total
-------------------------+-------+-------++-------
Melee: Long sword        |    87 |   172 ||   259
       Headbutt          |    15 |    18 ||    33
  Use: Potion            |       |     2 ||     2
Armor: Scale mail        |    44 |   125 ||   169
Dodge: Dodged            |    45 |   129 ||   174
Block: Buckler           |    11 |    53 ||    64

Table legend: (Time is in decaauts)
 A = Elapsed time spent in this place.
 B = Non-inter-level travel time spent in this place.
 C = Inter-level travel time spent in this place.
 D = Time resting spent in this place.
 E = Time spent auto-exploring this place.
 F = Levels seen in this place.
 G = Mean time per level.
                   A        B        C        D        E       F      G
               +--------+--------+--------+--------+--------+-----+--------+
         Total |   3558 |   3527 |     31 |    911 |   1783 |   4 |  889.5 |
       Dungeon |   2527 |   2496 |     31 |    305 |   1726 |   3 |  842.3 |
         Sewer |   1031 |   1031 |      0 |    606 |     57 |   1 | 1031.0 |
               +--------+--------+--------+--------+--------+-----+--------+

Top non-repeatable levels by time:
     D:1: 1445 daAuts
   Sewer: 1031 daAuts
     D:2: 759 daAuts
     D:3: 322 daAuts
